 Dungeon Crawl Stone Soup version 0.31.0-11-ge490571c62 (webtiles) character file.

Game seed: 223009181806957384

1334 qw the Nimble (level 8, -11/39 HPs)
             Began as a Spriggan Hunter on Feb 3, 2024.
             Killed from afar by a steam dragon (15 damage)
             ... with a ball of steam
             ... on level 6 of the Dungeon.
             The game lasted 00:00:18 (3792 turns).

qw the Nimble (Spriggan Hunter)                     Turns: 3792, Time: 00:00:18

Health: -11/39     AC:  4    Str: 10    XL:     8   Next: 34%
Magic:  18/18      EV: 25    Int: 14    God:
Gold:   175        SH:  0    Dex: 21    Spells: 7/7 levels left

rFire   . . .        d - +5 sling of Loyquts {heavy, ^Drain MP+9 Str+3 Int+4}
rCold   . . .        (no shield)
rNeg    . . .        c - +0 robe
rPois   .            (helmet restricted)
rElec   .            a - +1 cloak
rCorr   .            (gloves unavailable)
SInv    +            (boots unavailable)
Will    +....        k - amulet of faith
Stlth   ++           (no ring)
HPRegen 0.26/turn    (no ring)
MPRegen 0.16/turn

%: faith
@: very quick
A: very small, no large weapons, unfitting armour, see invisible, speed 3
a: no special abilities


You were on level 6 of the Dungeon.
You visited 2 branches of the dungeon, and saw 7 of its levels.

You collected 175 gold pieces.


Innate Abilities, Weirdness & Mutations

You are very small and have problems with some larger weapons.
You are too small for most types of armour.
You have supernaturally acute eyesight. (SInv)
You cover ground extremely quickly. (Speed+++)


   Skills:
 + Level 2.7 Fighting
 - Level 8.1 Ranged Weapons
 - Level 9.4 Dodging
 - Level 1.5 Stealth


You had 7 spell levels left.
You didn't know any spells.
Your spell library was empty.

Inventory:

Hand Weapons
 d - the +5 sling of Loyquts (weapon) {heavy, ^Drain MP+9 Str+3 Int+4}
   (You found it on level 5 of the Dungeon)

   Str+3:     It affects your strength (+3).
   Int+4:     It affects your intelligence (+4).
   MP+9:      It affects your magic capacity (+9).
   ^Drain:    It drains your maximum health when unequipped.
Armour
 a - a +1 cloak (worn)
 c - a +0 robe (worn)
Jewellery
 b - the amulet of Bopsaly {Regen+ Dex+6}
   (You found it on level 5 of the Dungeon)

   [amulet of regeneration]

   Dex+6:     It affects your dexterity (+6).
   Regen+:    It increases your rate of health regeneration.
 k - an amulet of faith (around neck)
Wands
 h - a wand of charming (7)
 j - a wand of quicksilver (11)
 l - a wand of mindburst (7)
Potions
 e - a potion of enlightenment
 f - a potion of resistance
 g - 3 potions of curing

Dungeon Overview and Level Annotations

Branches:
Dungeon (6/15)             Temple (1/1) D:4

Altars:
Cheibriados
Dithmenos
Elyvilon
Fedhas
Hepliaklqana
Kikubaaqudgha
Makhleb
Nemelex Xobeh
Qazlal
Sif Muna
Uskayaw
Vehumet
Xom
The Shining One

Shops:
D:1 [


Message History

3788 ||| RETREEEEATING.
The ufetubus attacks as it pursues you! The ufetubus barely misses you.
The ufetubus misses you.
There is a sparkling altar of Nemelex Xobeh here.
Press < or > to pray at altars.
Press < or > to pray at altars.
Press < or > to pray at altars.
Press < or > to pray at altars.
Press < or > to pray at altars.
Enter note: Press < or > to pray at altars.
3789 ||| RETREEEEATING.
Found a scroll labelled UNEMIMU JENN.
The adder is engulfed in a cloud of scalding steam.
The ufetubus hits you but does no damage.
The ufetubus completely misses you. The ufetubus misses you.
The ufetubus completely misses you.
The adder is engulfed in a cloud of scalding steam.
There is a fountain of sparkling water here.
Things that are here:
a +4 vampiric trident; a +0 robe; an orb of energy You shoot a sling bullet.
The sling bullet barely misses the adder.
The ufetubus slips past you! The ufetubus misses you.
The ufetubus completely misses you. The ufetubus misses you.
The ufetubus barely misses you. The adder completely misses you.
The ufetubus barely misses you. The ufetubus misses you.
The ufetubus completely misses you. x2
An orc wizard comes into view. It is wielding a +0 dagger.
The steam dragon bites you. The steam dragon completely misses you.
The adder bites you.
Enter note:
3791 ||| RETREEEEATING.
The ufetubus closely misses you. The ufetubus hits you.
Enter note:
3792 ||| RETREEEEATING.
The steam dragon breathes steam at you.
The ball of steam hits the ufetubus!!
The ufetubus dies!
The ball of steam hits you!
You die...

...##..#.. .....
.......[.. ......
.........## o......##
........... ........#
..#.......####
........###..#.##...<#..#
............#...........#
..?...).....##.........###
#...^..@..###....#.....#
###....¤...#####.##'####
#.###}.5¤...## #..#~.~~~~
...¤..S.D?...## #..#~.7...
#....}.}......###..#~.7.77
#.¤¤...........#...#~.7 7
...................#~.7
...................#~.7
#............l......#~.7


You could see a steam dragon (catching breath), an adder and an ufetubus.

Vanquished Creatures
  Jeremiah (D:6)
  Eustachio (D:4)
  An ice beast (D:6)
  A black bear (D:5)
  An ogre (D:5)
  A centaur (D:6)
  4 scorpions
  2 howler monkeys
  A bombardier beetle (D:4)
  2 hounds (D:5)
  A sleepcap (D:5)
  8 adders
  2 ufetubi (D:5)
  4 dart slugs
  A ribbon worm (D:5)
  3 orcs
  4 bats
  4 endoplasms
  3 giant cockroaches
  4 hobgoblins
  3 jackals (D:5)
  4 kobolds
  4 quokkas
  6 ball pythons
  6 frilled lizards
  6 goblins
  3 rats
81 creatures vanquished.

Vanquished Creatures (others)
  An ufetubus (D:6)
1 creature vanquished.

Grand Total: 82 creatures vanquished

Notes
Turn   | Place    | Note
-------+----------+-------------------------------------------
     0 | D:1      | qw the Spriggan Hunter began the quest for the Orb.
     0 | D:1      | Reached XP level 1. HP: 10/10 MP: 2/2
     0 | D:1      | 0 ||| qw: Version: 0.3-a-158-g18b3111
     0 | D:1      | 0 ||| qw: Game counter: 4174
     0 | D:1      | 0 ||| qw: Melee chars always use a shield: true
     0 | D:1      | 0 ||| qw: God list: Okawaru
     0 | D:1      | 0 ||| qw: Allow faded altars: false
     0 | D:1      | 0 ||| qw: Do Orc after clearing Dungeon:15 true
     0 | D:1      | 0 ||| qw: Do second Lair branch before Depths: true
     0 | D:1      | 0 ||| qw: Lair rune preference: random
     0 | D:1      | 0 ||| qw: Goals: Normal
     0 | D:1      | 0 ||| PLANNING D:1-11
    73 | D:1      | Reached skill level 3 in Dodging
   162 | D:1      | Found Itimowk's Armour Shop.
   189 | D:1      | 189 ||| READING scroll labelled TIMEXTA VOESE.
   189 | D:1      | 189 ||| IDENTIFYING ruby potion
   265 | D:1      | Reached XP level 2. HP: 14/14 MP: 3/3
   441 | D:1      | 441 ||| READING scroll labelled YSCHENN YRHA.
   542 | D:1      | 542 ||| DROPPING scroll of butterflies.
   567 | D:2      | 567 ||| STAIRDANCE
   571 | D:2      | 571 ||| STAIRDANCE
   592 | D:2      | 592 ||| SWAPPING to +2 heavy sling.
   593 | D:2      | 593 ||| DROPPING +0 shortbow.
   634 | D:2      | Reached skill level 4 in Dodging
   880 | D:2      | Reached XP level 3. HP: 18/18 MP: 4/4
  1165 | D:2      | HP: 4/18 [bat (1)]
  1166 | D:2      | 1166 ||| DRINKING potion of heal wounds.
  1547 | D:2      | 1547 ||| UPGRADING to +0 cloak.
  1552 | D:2      | 1552 ||| READING scroll labelled XAXOIR MALOHEO.
  1557 | D:2      | 1557 ||| READING scroll labelled ICAYME GIAPP.
  1577 | D:3      | 1577 ||| STAIRDANCE
  1590 | D:3      | 1590 ||| STAIRDANCE
  1595 | D:3      | 1595 ||| STAIRDANCE
  1598 | D:2      | Reached XP level 4. HP: 22/22 MP: 5/5
  2155 | D:3      | You fall into a shaft and drop 1 floor!
  2178 | D:4      | Reached skill level 5 in Dodging
  2202 | D:4      | Found a staircase to the Ecumenical Temple.
  2203 | D:4      | 2203 ||| PLANNING TEMPLE
  2203 | D:4      | 2203 ||| UPGRADING to amulet of faith.
  2208 | D:4      | 2208 ||| READING scroll of identify.
  2208 | D:4      | 2208 ||| IDENTIFYING metallic yellow potion
  2209 | D:4      | 2209 ||| READING scroll labelled OLO YKHUOPU ZOI.
  2210 | D:4      | 2210 ||| READING scroll labelled GAETIARIAC.
  2210 | D:4      | 2210 ||| ENCHANTING +0 cloak.
  2211 | D:4      | 2211 ||| DRINKING 2 grey potions.
  2212 | D:4      | 2212 ||| DRINKING 3 purple potions.
  2213 | D:4      | 2213 ||| DRINKING 2 fuming coppery potions.
  2214 | D:4      | 2214 ||| DROPPING potion of degeneration.
  2219 | Temple   | Entered the Ecumenical Temple
  2220 | Temple   | 2220 ||| PLANNING D:1-11
  2260 | D:4      | Noticed Eustachio
  2261 | D:4      | 2261 ||| STAIRDANCE
  2440 | D:3      | Reached XP level 5. HP: 18/26 MP: 6/6
  2531 | D:4      | 2531 ||| RETREEEEATING.
  2532 | D:4      | 2532 ||| RETREEEEATING.
  2534 | D:4      | 2534 ||| RETREEEEATING.
  2541 | D:4      | 2541 ||| RETREEEEATING.
  2542 | D:4      | 2542 ||| RETREEEEATING.
  2543 | D:4      | 2543 ||| RETREEEEATING.
  2544 | D:4      | 2544 ||| RETREEEEATING.
  2561 | D:4      | HP: 4/26 [Eustachio/+0 rapier (9)]
  2562 | D:4      | 2562 ||| READING 2 scrolls of teleportation.
  2564 | D:4      | Killed Eustachio
  2565 | D:4      | Reached skill level 6 in Ranged Weapons
  2565 | D:4      | Reached XP level 6. HP: 6/30 MP: 7/7
  2567 | D:4      | 2567 ||| READING scroll of teleportation.
  2571 | D:4      | 2571 ||| FLEEEEING.
  2572 | D:4      | 2572 ||| FLEEEEING.
  2576 | D:4      | 2576 ||| FLEEEEING.
  2577 | D:4      | 2577 ||| FLEEEEING.
  2578 | D:4      | 2578 ||| FLEEEEING.
  2579 | D:4      | 2579 ||| FLEEEEING.
  2580 | D:4      | 2580 ||| FLEEEEING.
  2581 | D:4      | 2581 ||| FLEEEEING.
  2582 | D:4      | 2582 ||| FLEEEEING.
  2583 | D:4      | 2583 ||| FLEEEEING.
  2584 | D:4      | 2584 ||| FLEEEEING.
  2586 | D:4      | 2586 ||| FLEEEEING.
  2587 | D:4      | 2587 ||| FLEEEEING.
  2588 | D:4      | 2588 ||| FLEEEEING.
  2589 | D:4      | 2589 ||| FLEEEEING.
  2590 | D:4      | 2590 ||| FLEEEEING.
  2591 | D:4      | 2591 ||| FLEEEEING.
  2592 | D:4      | 2592 ||| FLEEEEING.
  2593 | D:4      | 2593 ||| FLEEEEING.
  2594 | D:4      | 2594 ||| FLEEEEING.
  2596 | D:4      | 2596 ||| FLEEEEING.
  2599 | D:4      | 2599 ||| FLEEEEING.
  2600 | D:4      | 2600 ||| FLEEEEING.
  2601 | D:4      | 2601 ||| FLEEEEING.
  2602 | D:4      | 2602 ||| FLEEEEING.
  2603 | D:4      | 2603 ||| FLEEEEING.
  2604 | D:4      | 2604 ||| FLEEEEING.
  2605 | D:4      | 2605 ||| FLEEEEING.
  2606 | D:4      | 2606 ||| FLEEEEING.
  2608 | D:4      | 2608 ||| FLEEEEING.
  2609 | D:4      | 2609 ||| STAIRDANCE
  2770 | D:4      | Reached skill level 6 in Dodging
  2977 | D:4      | 2977 ||| READING scroll of identify.
  2977 | D:4      | 2977 ||| IDENTIFYING bubbling coppery potion
  2978 | D:4      | 2978 ||| READING scroll labelled IXZEIH DECS.
  2979 | D:4      | 2979 ||| READING scroll labelled RORU RAMIUNUSIOM.
  2980 | D:4      | 2980 ||| DROPPING potion of brilliance.
  2992 | D:5      | Entered Level 5 of the Dungeon
  3003 | D:5      | Identified the +5 sling of Loyquts {heavy, ^Drain MP+9
                  | Str+3 Int+4}
  3005 | D:5      | 3005 ||| SWAPPING to +5 sling of Loyquts {heavy, ^Drain
                  | MP+9 Str+3 Int+4}.
  3006 | D:5      | 3006 ||| DROPPING +2 heavy sling.
  3148 | D:5      | Reached XP level 7. HP: 35/35 MP: 8/8
  3172 | D:5      | Reached skill level 7 in Dodging
  3312 | D:5      | Identified the amulet of Bopsaly {Regen+ Dex+6}
  3679 | D:5      | 3679 ||| READING scroll labelled GIWKYT FAGEH.
  3710 | D:6      | 3710 ||| PLANNING OSSUARY
  3730 | D:6      | Found a sparkling altar of Nemelex Xobeh.
  3733 | D:6      | Noticed Jeremiah
  3734 | D:6      | 3734 ||| ZAPPING wand of mindburst (14) at -7,-5 (Jeremiah;
                  | floor).
  3735 | D:6      | 3735 ||| ZAPPING wand of mindburst (13) at -7,-5 (Jeremiah;
                  | floor).
  3736 | D:6      | 3736 ||| ZAPPING wand of mindburst (12) at -6,-6 (Jeremiah;
                  | floor).
  3737 | D:6      | 3737 ||| FLEEEEING.
  3738 | D:6      | 3738 ||| FLEEEEING.
  3740 | D:6      | 3740 ||| ZAPPING wand of mindburst (11) at -1,-7 (Jeremiah;
                  | floor).
  3741 | D:6      | 3741 ||| ZAPPING wand of mindburst (10) at -4,-5 (Jeremiah;
                  | floor).
  3742 | D:6      | 3742 ||| ZAPPING wand of mindburst (9) at -3,-5 (Jeremiah;
                  | floor).
  3743 | D:6      | 3743 ||| ZAPPING wand of mindburst (8) at -2,-4 (Jeremiah;
                  | fountain_sparkling).
  3743 | D:6      | Killed Jeremiah
  3744 | D:6      | Reached skill level 9 in Dodging
  3744 | D:6      | Reached XP level 8. HP: 27/39 MP: 9/9
  3784 | D:6      | 3784 ||| Stepping ~*~*~tactically~*~*~ (cloud).
  3787 | D:6      | 3787 ||| RETREEEEATING.
  3787 | D:6      | HP: 9/39 [steam dragon/ball of steam (18)]
  3788 | D:6      | 3788 ||| RETREEEEATING.
  3789 | D:6      | 3789 ||| RETREEEEATING.
  3791 | D:6      | 3791 ||| RETREEEEATING.
  3791 | D:6      | HP: 4/39 [ufetubus (3)]
  3792 | D:6      | 3792 ||| RETREEEEATING.
  3792 | D:6      | Killed from afar by a steam dragon

Levels and vault maps discovered:
D:1:      matt_arrival_grand_opening, layout_basic, serial_shops, shop
D:2:      layout_basic
D:3:      layout_loops_ring, minmay_misc_feat_encased, grunt_ministairs_1
D:4:      layout_cave_pools, minmay_temple_entry_trees, uniq_eustachio
D:5:      layout_basic, grunt_ministairs_4, serial_bayou_lake_a
D:6:      layout_cave_pools, nemelex_xobeh_ov_fountains_minmay,
          mainiacjoe_ossuary_entry_find_the_door, kennysheep_small_spiral,
          uniq_jeremiah
Temple:   nicolae_temple_bog_church

Skill      XL: |  1  2  3  4  5  6  7 |
---------------+----------------------+-----
Dodging        | 3 4 5 6 9 |  9.4
Ranged Weapons | 5 6 7 8 |  8.1
Fighting       | 2 |  2.7
Stealth        | |  1.5

Action                     |  1- 3 |  4- 6 |  7- 9 || total
---------------------------+-------+-------+-------++-------
   Fire: Shortbow          |    27 |       |       ||    27
         Sling             |    67 |   110 |    39 ||   216
  Evoke: Wand              |       |       |     7 ||     7
    Use: Scroll            |     4 |     8 |     1 ||    13
         Potion            |     1 |     3 |       ||     4
 Armour: Robe              |    27 |    24 |    10 ||    61
  Dodge: Dodged            |    85 |    96 |    37 ||   218

Table legend:
 A = Non-vault XP
 B = Vault XP
 C = Vault XP percentage of total XP
 D = Non-vault monster count
 E = Vault monster count
 F = Vault count percentage of total count
                 A         B        C        D         E       F
            +---------+---------+-------+---------+---------+-------
      Total |    1184 |     722 |  37.9 |      76 |       5 |   6.2
            +---------+---------+-------+---------+---------+-------
        D:1 |      15 |       0 |   0.0 |       9 |       0 |   0.0
        D:2 |      76 |       4 |   5.0 |      22 |       1 |   4.3
        D:3 |      45 |       3 |   6.2 |      14 |       1 |   6.7
        D:4 |     304 |     203 |  40.0 |      14 |       1 |   6.7
        D:5 |     505 |     124 |  19.7 |      15 |       1 |   6.2
        D:6 |     239 |     388 |  61.9 |       2 |       1 |  33.3
            +---------+---------+-------+---------+---------+-------
